 Seeded DCSS version 0.30.2 (webtiles) character file.

Game seed: 12339998894011203043 (custom seed)

10603 porpoise the Skirmisher (level 11, -16/75 HPs)
             Began as a Human Hunter on Jan 28, 2024.
             Was a Priest of Hepliaklqana.
             Killed from afar by a deep elf pyromancer (26 damage)
             ... with a bolt of fire
             ... on level 10 of the Dungeon.
             The game lasted 00:30:47 (10543 turns).

porpoise the Skirmisher (Human Hunter)             Turns: 10543, Time: 00:30:48

Health: -16/75     AC: 12    Str: 19    XL:     11   Next: 96%
Magic:  13/14      EV: 14    Int:  9    God:    Hepliaklqana [***...]
Gold:   453        SH:  0    Dex: 20    Spells: 10/10 levels left

rFire   . . .        a - +0 shortbow
rCold   . . .        (shield currently unavailable)
rNeg    + . .        c - +3 troll leather armour {Snorg}
rPois   .            (no helmet)
rElec   .            w - +2 cloak {rCorr}
rCorr   +            (no gloves)
SInv    .            m - +1 pair of boots
Will    .....        (no amulet)
Stlth   +            O - ring of positive energy
HPRegen 1.12/turn    J - +6 ring of strength
MPRegen 0.14/turn

%: no passive effects
@: on fire, glowing
A: reduced essence
a: Renounce Religion, Recall Ancestor, Ancestor Identity, Transference


You were on level 10 of the Dungeon.
You worshipped Hepliaklqana.
Hepliaklqana was most pleased with you.
You visited 1 branch of the dungeon, and saw 10 of its levels.

You collected 681 gold pieces.
You spent 228 gold pieces at shops.

Inventory:

Hand Weapons
 a - a +0 shortbow (weapon)
 b - the +8 quarterstaff "Ruahoiry" {venom, Int+4}
   (You found it on level 2 of the Dungeon)

   Int:       It affects your intelligence (+4).
 f - a +2 scimitar of flaming
 j - a +8 club
 q - the +8 mace of Gevvocwe {chaos, rC+ Str+4 SInv}
   (You found it on level 3 of the Dungeon)

   Str:       It affects your strength (+4).
   rC:        It protects you from cold.
   SInv:      It lets you see invisible.
 F - the +9 war axe of Cheibriados's Pride {holy, Int+4 Stlth+}
   (You took it off Eustachio on level 6 of the Dungeon)

   Int:       It affects your intelligence (+4).
   Stlth:     It makes you more stealthy.
 Q - a +7 trident of venom
 T - a +1 demon whip of venom
Missiles
 y - 17 poisoned darts
 B - a throwing net
 W - a curare-tipped dart
Armour
 c - a +3 troll leather armour (worn) {Snorg}
 m - a +1 pair of boots (worn)
 w - a +2 cloak of preservation (worn)
 I - the +2 cloak of the Mackerel {Harm rF+ Int-5}
   (You found it on level 7 of the Dungeon)

   Int:       It affects your intelligence (-5).
   rF:        It protects you from fire.
   Harm:      It increases damage dealt and taken.
 U - a +0 buckler
 X - a +0 troll leather armour
Magical Staves
 M - a staff of air
Jewellery
 s - a ring of fire
 t - a ring of see invisible
 u - a ring of flight
 H - a ring of magical power
 J - a +6 ring of strength (right hand)
 O - a ring of positive energy (left hand)
 R - a ring of positive energy
 Y - a ring of wizardry
Wands
 v - a wand of flame (37)
 C - a wand of polymorph (5)
 Z - a wand of charming (9)
Scrolls
 d - 2 scrolls of teleportation
 e - 2 scrolls of identify
 h - a scroll of torment {unknown}
 i - 2 scrolls of fear
 k - 3 scrolls of immolation
 n - a scroll of blinking
 r - a scroll of noise {unknown}
 x - 2 scrolls of poison
 A - a scroll of fog
 D - a scroll of enchant armour
 E - a scroll of amnesia
 G - a scroll of vulnerability
 V - a scroll of brand weapon
Potions
 g - 4 potions of lignification
 l - 2 potions of invisibility
 o - 3 potions of ambrosia
 p - 2 potions of mutation
 z - a potion of haste
 K - a potion of heal wounds
 L - 2 potions of flight
 N - 2 potions of berserk rage
 P - a potion of attraction
 S - a potion of brilliance


   Skills:
 - Level 7.0 Fighting
 - Level 6.0 Staves
 * Level 14.1 Ranged Weapons
 - Level 5.0 Dodging
 - Level 5.0 Stealth
 + Level 4.1 Invocations


You had 10 spell levels left.
You didn't know any spells.
Your spell library contained the following spells:

 Spells                   Type           Power      Damage    Failure   Level
 Magic Dart               Conj           0%         1d3       43%         1
 Scorch                   Fire           0%         2d5       58%         2
 Searing Ray              Conj           0%         2d4       58%         2
 Flame Wave               Conj/Fire      0%         2d4       99%         4
 Fulminant Prism          Conj/Hex       0%         3d5       99%         4
 Summon Cactus Giant      Summ           0%         N/A       100%        6


Dungeon Overview and Level Annotations

Branches:
Dungeon (10/15)            Temple (0/1) D:5
   Lair: D:8-11         Orc: D:9-12

Altars:
Ashenzari
Dithmenos
Fedhas
Hepliaklqana
Kikubaaqudgha
Nemelex Xobeh
Okawaru
Uskayaw
Yredelemnul

Shops:
D:3 !   D:6 (   D:8 (


Message History

Nikki completely misses the deep elf pyromancer.
Fire: a) +0 shortbow
Press: ? - help, Q - select action, (/) - cycle Shift-Dir - straight line, f/p - deep elf pyromancer
Aim: a deep elf pyromancer, wielding a +0 long sword of protection (heavily wounded, ally target, 64% to hit)
You shoot an arrow.
The arrow completely misses the deep elf pyromancer.
The fire elemental closely misses you.
The shadow imp grinds its teeth.
The shadow imp misses you.
The deep elf pyromancer hits you with a +0 long sword of protection.
* * * LOW HITPOINT WARNING * * *
Fire: a) +0 shortbow
Press: ? - help, Q - select action, (/) - cycle Shift-Dir - straight line, f/p - deep elf pyromancer
Aim: a deep elf pyromancer, wielding a +0 long sword of protection (heavily wounded, ally target, 64% to hit)
You shoot an arrow. The arrow hits the deep elf pyromancer!
The deep elf pyromancer is severely wounded.
The fire elemental barely misses you.
Nikki misses the deep elf pyromancer.
The shadow imp laughs crazily.
The shadow imp completely misses you.
The deep elf pyromancer points at you and mumbles some strange words.
The sticky flame hits you.
You are covered in liquid flames!
* * * LOW HITPOINT WARNING * * *
Fire: a) +0 shortbow
Press: ? - help, Q - select action, (/) - cycle Shift-Dir - straight line, f/p - deep elf pyromancer
Aim: a deep elf pyromancer, wielding a +0 long sword of protection (severely wounded, ally target, 64% to hit)
You shoot an arrow.
The arrow hits the deep elf pyromancer but does no damage.
The deep elf pyromancer is severely wounded.
You are covered in liquid flames!
* * * LOW HITPOINT WARNING * * *
The fire elemental hits you.
* * * LOW HITPOINT WARNING * * *
The fire elemental burns you!
* * * LOW HITPOINT WARNING * * *
The shadow imp hits you but does no damage.
The crimson imp misses you.
The deep elf pyromancer casts a spell at you.
The bolt of fire hits you!!
You die...

.#####.........
..#......... ..######'###
.....(..†... ............
##.......... ##########
#.......... #[)'.Re::#
#.......... ###E@###
#.......... ###...55.#
######'###.
#.'.°..°.'.##........#.
###......####........##
###......# #..........
#.'.°[.°.' #..........
###......## #..........
.######''######..........
......).)...).)..........


You could see the friendly Nikki the knight, a deep elf pyromancer (ally
target), a fire elemental (summoned), a crimson imp and a shadow imp.

Vanquished Creatures
  Erica (D:9)
  A tengu warrior (D:9)
  Amaemon (D:8)
  Pikel (D:6)
  Maurice (D:9)
  An orange demon (D:8)
  A tengu conjurer (D:9)
  A kobold demonologist (D:9)
  2 trolls
  Sigmund (D:3)
  4 yaks (D:9)
  A steam dragon (D:7)
  2 wyverns (D:9)
  Eustachio (D:6)
  6 vampire mosquitoes (D:10)
  A floating eye (D:10)
  A sky beast (D:7)
  4 ogres
  2 wolves (D:8)
  A phantom (D:7)
  3 centaurs
  Blork the orc (D:4)
  A kobold brigand (D:10)
  3 bullfrogs
  A gnoll sergeant (D:9)
  2 scorpions
  6 killer bees (D:9)
  2 howler monkeys
  3 jellies
  Crazy Yiuf (D:3)
  5 orc priests
  6 hounds
  Jessica (D:2)
  Natasha (thrice) (D:3)
  Terence (D:3)
  4 orc wizards
  3 gnolls (D:9)
  6 adders
  4 white imps
  An ufetubus (D:6)
  5 worms
  4 dart slugs
  26 orcs
  4 ball pythons
  5 endoplasms
  3 giant cockroaches
  3 goblins (D:2)
  10 hobgoblins
  6 jackals
  A quokka (D:3)
  5 bats
  6 frilled lizards
  5 kobolds
  2 rats
  A spectral orc (D:8)
177 creatures vanquished.

Vanquished Creatures (collateral kills)
  A deep elf zephyrmancer (D:10)
  A wyvern (D:8)
  A wraith (D:9)
  Grum (D:8)
  2 yaks (D:9)
  A water moccasin (D:8)
  A swamp drake (D:10)
  2 orc warriors
  An ice beast (D:8)
  A centaur (D:9)
  A lemure (D:6)
  2 bullfrogs (D:8)
  A scorpion (D:7)
  A killer bee (D:9)
  An iron imp (D:10)
  An orc priest (D:8)
  An iguana (D:7)
  4 orc wizards
  A gnoll (D:9)
  An ufetubus (D:6)
  4 orcs
30 creatures vanquished.

Vanquished Creatures (others)
  6 knights
  2 ancestors (D:6)
8 creatures vanquished.

Grand Total: 215 creatures vanquished

Notes
Turn   | Place    | Note
-------+----------+-------------------------------------------
     0 | D:1      | porpoise the Human Hunter began the quest for the Orb.
     0 | D:1      | Reached XP level 1. HP: 16/16 MP: 1/1
   128 | D:1      | Reached XP level 2. HP: 22/22 MP: 2/2
   450 | D:1      | Found a faded altar of an unknown god.
   520 | D:2      | HP: 1/22 [poisoned by an adder]
   524 | D:2      | Reached XP level 3. HP: 9/28 MP: 3/3
   731 | D:2      | Noticed Jessica
   736 | D:2      | Killed Jessica
   737 | D:2      | Reached XP level 4. HP: 34/34 MP: 4/4
   775 | D:2      | Identified the +8 quarterstaff "Ruahoiry" {venom, Int+4}
  1405 | D:3      | Reached XP level 5. HP: 40/40 MP: 5/5
  1450 | D:3      | Noticed Terence
  1457 | D:3      | Killed Terence
  1552 | D:3      | Identified the +8 mace of Gevvocwe {chaos, rC+ Str+4 SInv}
  1554 | D:3      | Found Yghaacs's Distillery.
  1563 | D:3      | Bought a potion of curing for 36 gold pieces
  1563 | D:3      | Bought a potion of curing for 36 gold pieces
  1677 | D:3      | Reached XP level 6. HP: 21/47 MP: 6/6
  1872 | D:3      | Noticed Natasha
  1883 | D:3      | Killed Natasha
  1945 | D:3      | Noticed Natasha
  1948 | D:3      | Killed Natasha
  1949 | D:3      | Reached skill level 5 in Ranged Weapons
  2237 | D:3      | Found a runed translucent door.
  2238 | D:3      | Noticed Crazy Yiuf
  2446 | D:3      | Noticed Natasha
  2452 | D:3      | Killed Natasha
  2551 | D:3      | Killed Crazy Yiuf
  2691 | D:4      | Found a hazy altar of Hepliaklqana.
  2695 | D:4      | Became a worshipper of Hepliaklqana the Forgotten
  2901 | D:4      | Reached XP level 7. HP: 50/53 MP: 7/7
  2925 | D:4      | Noticed Blork the orc
  2939 | D:4      | Killed Blork the orc
  3171 | D:4      | Noticed Sigmund
  3389 | D:3      | Killed Sigmund
  3639 | D:4      | Found a hide-covered altar of Uskayaw.
  3659 | D:4      | Reached XP level 8. HP: 48/61 MP: 8/8
  3763 | D:5      | Entered Level 5 of the Dungeon
  3880 | D:5      | Reached skill level 6 in Ranged Weapons
  4261 | D:5      | Reached skill level 5 in Fighting
  4406 | D:5      | Found a staircase to the Ecumenical Temple.
  4419 | D:5      | Reached skill level 1 in Staves
  4640 | D:6      | Reached * piety under Hepliaklqana
  4735 | D:6      | Found an iron altar of Okawaru.
  4770 | D:6      | Found Qusmioc's Weapon Shop.
  4821 | D:6      | Identified the +9 war axe of Cheibriados's Pride {holy,
                  | Int+4 Stlth+}
  4821 | D:6      | Noticed Eustachio
  4841 | D:6      | Killed Eustachio
  4842 | D:6      | Reached skill level 7 in Ranged Weapons
  4969 | D:6      | Found a sparkling altar of Nemelex Xobeh.
  5070 | D:6      | Reached XP level 9. HP: 61/61 MP: 9/9
  5248 | D:6      | Noticed Pikel
  5277 | D:6      | Killed Pikel
  5278 | D:6      | Reached skill level 8 in Ranged Weapons
  5681 | D:7      | Found a shadowy altar of Dithmenos.
  5682 | D:7      | Identified the +2 cloak of the Mackerel {Harm rF+ Int-5}
  5726 | D:7      | Found a broken altar of Ashenzari.
  5941 | D:7      | Reached ** piety under Hepliaklqana
  5942 | D:7      | Remembered your ancestor Nikki as a knight
  6873 | D:7      | Reached skill level 9 in Ranged Weapons
  6873 | D:7      | Reached XP level 10. HP: 69/69 MP: 10/10
  7112 | D:8      | Noticed Amaemon
  7113 | D:8      | Noticed Grum
  7114 | D:8      | Noticed an orange demon
  7124 | D:8      | Killed Grum
  7350 | D:8      | Reached skill level 5 in Staves
  7519 | D:8      | Reached skill level 10 in Ranged Weapons
  7678 | D:8      | Found Saakk's Antique Weapon Boutique.
  7685 | D:8      | Bought a glowing trident for 156 gold pieces
  7990 | D:8      | Killed Amaemon
  7996 | D:8      | Killed an orange demon
  8165 | D:8      | Found a basalt altar of Yredelemnul.
  8268 | D:9      | Reached skill level 11 in Ranged Weapons
  8398 | D:9      | Found a blossoming altar of Fedhas.
  8429 | D:9      | Found an ancient bone altar of Kikubaaqudgha.
  8685 | D:9      | Reached XP level 11. HP: 75/75 MP: 11/11
  8696 | D:9      | Reached skill level 12 in Ranged Weapons
  8752 | D:9      | Noticed Erica
  8757 | D:9      | Noticed Maurice
  8764 | D:9      | HP: 2/75 [Erica/bolt of poison (20)]
  8765 | D:9      | Killed Erica
  8780 | D:9      | Killed Maurice
  8781 | D:9      | Reached skill level 13 in Ranged Weapons
  9045 | D:9      | Noticed a tengu warrior
  9062 | D:9      | Killed a tengu warrior
  9063 | D:9      | Reached skill level 5 in Dodging
  9063 | D:9      | Reached skill level 5 in Stealth
  9063 | D:9      | Reached skill level 1 in Invocations
  9787 | D:10     | Entered Level 10 of the Dungeon
 10028 | D:10     | Reached *** piety under Hepliaklqana
 10166 | D:10     | Noticed Snorg
 10183 | D:10     | Snorg changed into Snorg the floating eye
 10183 | D:10     | Noticed Snorg
 10185 | D:10     | Killed Snorg the floating eye
 10412 | D:10     | Reached skill level 14 in Ranged Weapons
 10530 | D:10     | Noticed a deep elf zephyrmancer
 10534 | D:10     | Noticed a deep elf pyromancer
 10536 | D:10     | Killed a deep elf zephyrmancer
 10543 | D:10     | Killed from afar by a deep elf pyromancer

Illustrated notes

Levels and vault maps discovered:
D:1:      lemuel_arrival_funnel, layout_rooms,
          dilly_ecumenical_altar_fadedgnrine
D:2:      layout_basic, nicolae_figureground_pulse, uniq_jessica
D:3:      layout_basic, serial_shops, shop_fountains, kennysheep_generic_room_9,
          uniq_crazy_yiuf_cottage, uniq_terence, uniq_natasha
D:4:      layout_cave_pools, lemuel_crystal_altar, mainiacjoe_overflow_brackets,
          kennysheep_potato, uniq_sigmund, uniq_blork_the_orc
D:5:      layout_basic, minmay_temple_entry_statues_pillars
D:6:      layout_loops_cross, mainiacjoe_overflow_chevrons,
          mainiacjoe_overflow_surrounded_room, serial_shops, shop,
          chequers_serial_rivers_micro_c, minivault_22, uniq_pikel,
          uniq_eustachio
D:7:      layout_basic, mainiacjoe_overflow_small_starburst, old_standard_altar
D:8:      layout_loops_ring, yredelemnul_forgotten_temple_becter, serial_shops,
          shop, david_defended_altar_orc, uniq_amaemon, uniq_grum
D:9:      layout_roguey, grunt_temple_overflow_growth_and_decay, uniq_maurice,
          uniq_erica
D:10:     layout_irregular_city, mainiacjoe_overflow_catwalk, minmay_shop_mass,
          hangedman_minor_magic, uniq_snorg

Skill      XL: |  1  2  3  4  5  6  7  8  9 10 11 |
---------------+----------------------------------+-----
Stealth        | 2 3 4 5 |  5.0
Fighting       | 3 4 5 6 7 |  7.0
Dodging        | 3 4 5 |  5.0
Ranged Weapons | 5 7 9 11 14 | 14.1
Staves         | 2 4 6 |  6.0
Invocations    | 4 |  4.1

Action                     |  1- 3 |  4- 6 |  7- 9 | 10-12 || total
---------------------------+-------+-------+-------+-------++-------
  Melee: Quarterstaff      |       |     3 |    35 |    53 ||    91
   Fire: Shortbow          |    61 |   159 |   268 |   310 ||   798
 Invoke: Ancestor Identity |       |       |     2 |       ||     2
         Ancestor Life: Kn |       |       |     1 |       ||     1
  Evoke: Wand              |       |       |       |     1 ||     1
    Use: Potion            |     1 |       |       |     9 ||    10
         Scroll            |     1 |     7 |     3 |    10 ||    21
 Armour: Leather armour    |     3 |    15 |    41 |    62 ||   121
         Troll leather arm |       |       |       |     8 ||     8
  Dodge: Dodged            |    19 |    41 |   126 |   154 ||   340
